 Dungeon Crawl Stone Soup version 0.19.5 (webtiles) character file.

23 miragecloak the Changer (level 2, -2/12 HPs)
             Began as a Felid Transmuter on May 5, 2017.
             Slain by Azzok's ghost (14 damage)
             ... on level 3 of the Dungeon.
             The game lasted 00:01:08 (1011 turns).

miragecloak the Changer (Felid Transmuter)          Turns: 1011, Time: 00:01:09

Health: -2/12      AC:  1    Str:  6    XL:     2   Next: 75%
Magic:  6/6        EV: 18    Int: 14    God:
Gold:   49         SH:  0    Dex: 16    Spells: 1 memorised, 4 levels left
                                        Lives:  0   Deaths: 0

rFire  . . .     SeeInvis +       - Unarmed
rCold  . . .     Gourm    .     (armour unavailable)
rNeg   . . .     Faith    .     (shield unavailable)
rPois  .         Spirit   .     (helmet unavailable)
rElec  .         Reflect  .     (cloak unavailable)
rCorr  .         Harm     .     (gloves unavailable)
MR     .....                    (boots unavailable)
Stlth  ++........               (no amulet)
                                (no ring)
                                (no ring)

@: quick
A: no armour, no weapons or thrown items, stealth, claws 1, fangs 3, see
invisible, carnivore 3, speed 1, shaggy fur 1, slow metabolism 1, sharp paws
a: no special abilities


You were on level 3 of the Dungeon.
You were completely stuffed.

You visited 1 branch of the dungeon, and saw 3 of its levels.

You collected 49 gold pieces.

Inventory:

Missiles
 a - 12 arrows
Jewellery
 i - an uncursed amulet of the gourmand {unknown}
Scrolls
 d - a scroll of fog {unknown}
 e - a scroll of magic mapping {unknown}
 f - a scroll of blinking {unknown}
 h - 3 scrolls of identify {unknown}
 k - a scroll of remove curse {unknown}
Books
 b - a book of Changes

   Spells                             Type                      Level
   a - Beastly Appendage              Transmutation                1
   b - Sticks to Snakes               Transmutation                2
   c - Spider Form                    Transmutation/Poison         3
   d - Ice Form                       Ice/Transmutation            4
   e - Blade Hands                    Transmutation                5
Comestibles
 c - 2 meat rations
 g - a beef jerky
 j - a chunk of flesh


   Skills:
 - Level 1.0 Fighting
 - Level 2.6 Dodging
 + Level 1.5 Stealth
 - Level 3.0 Unarmed Combat
 - Level 2.0 Spellcasting
 + Level 3.4 Transmutations


You had 4 spell levels left.
You knew the following spells:

 Your Spells              Type           Power        Failure   Level  Hunger
a - Beastly Appendage     Tmut           ##....       10%         1    ##.....


Dungeon Overview and Level Annotations

Branches:
Dungeon (3/15)

Altars:

Annotations:
D:2 Jessica, Robin, Terence
D:3 Azzok's ghost, amateur CeFi


Innate Abilities, Weirdness & Mutations

You cannot wear armour.
You are incapable of wielding weapons or throwing items.
Your paws allow you to move quietly. (Stealth)
You have sharp claws.
You have razor-sharp teeth.
You have supernaturally acute eyesight. (SInv)
You are carnivorous and can eat meat at any time.
You cover ground quickly.
You are covered in fur. (AC +1)
You have a slow metabolism.
Your sharp claws are effective at attacking unaware monsters.


Message History

You start resting.
Eating one of 2 chunks of flesh.
You start eating one of the 2 chunks of flesh.
This raw flesh tastes great.
You start resting.
HP restored.
k - a scroll labeled NUYMEU KAWIOT You see here a club.
Things that are here:
a club; a goblin corpse
Things that are here:
a club; a goblin skeleton
h - 2 scrolls labeled AGISIPTIKKI (gained 1)
h - 3 scrolls labeled AGISIPTIKKI (gained 1) Azzok's ghost (amateur Centaur Fighter) comes into view.
Azzok's ghost is nearby!
A kobold comes into view.
Azzok's ghost hits you!
Ouch! That really hurt!
You die...

# #%#........ #K
#.#.......# #.##
##.......... ...
.......).)<... #.P
#####....)÷... #..
.# #>........#
#..♣♣♣P#
#.##......#
#.P..P.# #.
##...#.# #P@..# #.
##.##.# ##W### #.#
#.##.# #.# #.#
#.##.# #.# #.#
##.##.# #.# #.#
#..##.# #.#
##.###.###.#
#.#####...#......#
#............#####
#######...##.#


You could see Azzok's ghost and a kobold (sleeping).

Vanquished Creatures
  A dart slug (D:1)
  3 giant cockroaches (D:1)
  4 goblins
  2 hobgoblins
  4 bats
  A frilled lizard (D:2)
  4 kobolds (D:1)
  A rat (D:3)
20 creatures vanquished.

Notes
Turn   | Place    | Note
-------+----------+-------------------------------------------
     0 | D:1      | miragecloak the Felid Transmuter began the quest for the Orb.
     0 | D:1      | Reached XP level 1. HP: 9/9 MP: 4/4
   218 | D:1      | Reached XP level 2. HP: 8/12 MP: 4/6
   627 | D:2      | Noticed Terence
   629 | D:2      | Noticed Jessica
   706 | D:2      | Reached skill level 1 in Stealth
   726 | D:2      | Noticed Robin
   989 | D:3      | Noticed Azzok's ghost (amateur CeFi)
  1011 | D:3      | Slain by Azzok's ghost

Skill      XL: |  1  2 |
---------------+-------+-----
Transmutations | 3 |  3.4
Stealth        | 1 |  1.5
Fighting       | |  1.0
Dodging        | |  2.6
Unarmed Combat | |  3.0
Spellcasting   | |  2.0

Action                   || total
-------------------------++-------
Melee: Unarmed           ||    56
       Headbutt          ||     6
       Bite              ||     5
 Cast: Beastly Appendage ||    16
 Stab: Sleeping          ||     3
  Eat: Chunk             ||     8
Armor: Skin              ||     3
Dodge: Dodged            ||    64
